 Dungeon Crawl Stone Soup version 0.19.0 (webtiles) character file.

3787 Jraekied the Slicer (level 9, 0/71 HPs)
             Began as a Demonspawn Monk on Nov 18, 2016.
             Was a Believer of Uskayaw.
             Slain by a three-headed hydra (8 damage)
             ... on level 8 of the Dungeon on Nov 19, 2016.
             The game lasted 00:26:19 (7442 turns).

Jraekied the Slicer (Demonspawn Monk)               Turns: 7442, Time: 00:26:20

Health: 0/71       AC: 15    Str: 15    XL:     9   Next: 95%
Magic:  14/14      EV: 10    Int: 12    God:    Uskayaw [**....]
Gold:   411        SH:  0    Dex: 15    Spells: 0 memorised, 8 levels left

rFire  . . .     SeeInvis .     a - +2 dagger (elec)
rCold  . . .     Gourm    .     w - +4 scale mail {rPois}
rNeg   . . .     Faith    .     (no shield)
rPois  +         Spirit   .     E - +0 helmet
rElec  .         Reflect  .     C - +0 cloak
rCorr  .         Harm     .     (no gloves)
MR     .....                    (no boots)
Stlth  +.........               (no amulet)
                                (no ring)
                                (no ring)

@: no status effects
A: claws 2, rugged brown scales 2, demonic guardian 1
a: Stomp, Line Pass, Renounce Religion


You were on level 8 of the Dungeon.
You worshipped Uskayaw.
Uskayaw was noncommittal.
You were not hungry.

You visited 1 branch of the dungeon, and saw 8 of its levels.

You collected 411 gold pieces.

Inventory:

Hand Weapons
 a - a +2 dagger of electrocution (weapon)
 b - a +0 shortbow
 i - a +0 falchion
 q - a cursed -1 dagger
 t - a +0 dagger of draining
Missiles
 f - 49 poisoned needles
 g - 148 stones (quivered)
 I - 33 arrows
Armour
 e - a +0 leather armour
 j - a +0 plate armour
 l - a +0 ring mail
 w - a +4 scale mail of poison resistance (worn)
 C - a +0 cloak (worn)
 E - a +0 helmet (worn)
 H - a +0 robe
Jewellery
 O - an uncursed ring of poison resistance {unknown}
 P - an uncursed ring of see invisible {unknown}
Wands
 F - a wand of lightning (10/15)
 R - a wand of flame (35/48)
Scrolls
 k - 4 scrolls of teleportation
 m - 2 scrolls of enchant armour
 n - 3 scrolls of remove curse
 p - 5 scrolls of fog
 v - a scroll of fear
 x - 2 scrolls of amnesia
 y - 3 scrolls of identify
Potions
 d - 2 potions of haste {unknown}
 o - 3 potions of curing
 r - a potion of heal wounds {unknown}
 u - 3 potions of brilliance {unknown}
 z - a potion of magic {unknown}
 B - a potion of cure mutation
 G - 2 potions of invisibility {unknown}
 J - 2 potions of lignification {unknown}
 L - a potion of degeneration {unknown}
 M - a potion of agility {unknown}
 Q - a potion of flight {unknown}
Books
 A - a book of Misfortune

   Spells                             Type                      Level
   a - Confusing Touch                Hexes                        1
   b - Confuse                        Hexes                        3
   c - Gell's Gravitas                Hexes/Translocation          3
   d - Petrify                        Transmutation/Earth          4
   e - Metabolic Englaciation         Hexes/Ice                    5
   f - Yara's Violent Unravelling     Hexes/Transmutation          5
 N - a book of Cantrips

   Spells                             Type                      Level
   a - Confusing Touch                Hexes                        1
   b - Animate Skeleton               Necromancy                   1
   c - Summon Small Mammal            Summoning                    1
   d - Apportation                    Translocation                1
Comestibles
 c - 4 bread rations
 h - a beef jerky
 s - 5 chunks of flesh
 D - 20 fruits
 K - 3 meat rations
 S - 6 slices of pizza


   Skills:
 - Level 5.5 Fighting
 * Level 9.6(9.9) Short Blades
 - Level 3.3(7.0) Long Blades
 + Level 5.1 Armour
 - Level 2.6 Dodging
 - Level 1.7 Stealth
 + Level 7.3 Invocations


You had 8 spell levels left.
You didn't know any spells.

Dungeon Overview and Level Annotations

Branches:
Dungeon (8/15)             Temple (0/1) D:6
   Lair: D:8-11

Altars:
Ashenzari
Cheibriados
Elyvilon
Gozag
Sif Muna
Uskayaw
Vehumet
Yredelemnul
The Shining One


Innate Abilities, Weirdness & Mutations

You have very sharp fingernails.
You are mostly covered in rugged brown scales. (AC +2, +5% HP)
A weak demonic guardian rushes to your aid.


Message History

The three-headed hydra bites you!
* * * LOW HITPOINT WARNING * * *
The three-headed hydra bites you!
* * * LOW HITPOINT WARNING * * *
The three-headed hydra bites you.
* * * LOW HITPOINT WARNING * * *
As you read the scroll of fear, it crumbles to dust.
You assume a fearsome visage.
The three-headed hydra looks frightened!
Your ufetubus is unaffected.
The big kobold looks frightened!
Your ufetubus hits the three-headed hydra.
Your ufetubus's attack snaps the three-headed hydra out of its fear.
Your ufetubus completely misses the three-headed hydra.
Your ufetubus barely misses the three-headed hydra.
Your ufetubus hits the three-headed hydra.
The three-headed hydra bites your ufetubus!
Your ufetubus dies!
The three-headed hydra bites you!
You die...

#... #.## #.# ####.##
#...... #.##... #.##...
################.##...
#....@D%K#....##.##...
#.....#.)####.#....###
##'''###+#........>#
#.....P≈.####.#.†#.#
#.....≈≈P# #.#..#.#
#.†.†.P≈≈# #.#..#.#
#......≈P# #.#..#.###
#.≈.≈.≈PP# #.#..#.#..
#####.########.#..#.##.


You could see a three-headed hydra and a big kobold (fleeing).

Vanquished Creatures
  Prince Ribbit (D:7)
  A two-headed ogre (D:8)
  A dream sheep (D:8)
  2 yaks (D:8)
  Eustachio (D:4)
  An orc warrior (D:6)
  A sky beast (D:7)
  A phantom (D:4)
  2 ogres
  2 centaurs
  2 big kobolds
  A bullfrog (D:8)
  9 scorpions
  4 wights (D:7)
  4 crimson imps
  4 hounds
  A jelly (D:7)
  2 bullfrog skeletons
  4 orc priests
  Crazy Yiuf (D:5)
  5 iguanas
  6 orc wizards
  4 worker ants
  A hound zombie (D:8)
  12 adders
  12 gnolls
  A shadow imp (D:6)
  2 oozes
  An adder skeleton (D:5)
  4 worms
  A dart slug (D:3)
  2 leopard geckos (D:5)
  29 orcs
  2 ball pythons
  9 giant cockroaches
  11 goblins
  12 hobgoblins
  4 jackals (D:7)
  9 kobolds
  3 quokkas
  7 bats
  5 frilled lizards
  A jackal zombie (D:5)
  12 rats
200 creatures vanquished.

Vanquished Creatures (collateral kills)
  A dream sheep (D:8)
  A sky beast (D:6)
  A big kobold (D:8)
  An adder (D:8)
  2 orcs (D:6)
  A jackal (D:3)
  A kobold (D:7)
8 creatures vanquished.

Vanquished Creatures (others)
  A plant (D:8)
1 creature vanquished.

Grand Total: 209 creatures vanquished

Notes
Turn   | Place    | Note
-------+----------+-------------------------------------------
     0 | D:1      | Jraekied the Demonspawn Monk began the quest for the Orb.
     0 | D:1      | Reached XP level 1. HP: 18/18 MP: 1/1
   528 | D:1      | Gained mutation: You have sharp fingernails. [demonic ancestry]
   528 | D:1      | Reached XP level 2. HP: 24/24 MP: 2/2
   949 | D:2      | Reached XP level 3. HP: 29/29 MP: 3/3
  1037 | D:2      | Found a hide-covered altar of Uskayaw.
  1041 | D:2      | Noticed a hand axe
  1041 | D:2      | Noticed a dagger
  1058 | D:2      | Became a worshipper of Uskayaw the Reveler
  1058 | D:2      | Reached * piety under Uskayaw
  1062 | D:2      | Reached ** piety under Uskayaw
  1064 | D:2      | Reached skill level 1 in Short Blades
  1319 | D:2      | Reached *** piety under Uskayaw
  1378 | D:2      | Found a basalt altar of Yredelemnul.
  1388 | D:2      | Reached XP level 4. HP: 28/36 MP: 4/4
  1422 | D:2      | Reached skill level 2 in Short Blades
  1448 | D:2      | Found a snail-covered altar of Cheibriados.
  2384 | D:3      | Reached **** piety under Uskayaw
  2501 | D:3      | Gained mutation: A weak demonic guardian rushes to your aid. [demonic ancestry]
  2501 | D:3      | Reached XP level 5. HP: 28/42 MP: 5/5
  2649 | D:3      | Reached skill level 3 in Short Blades
  2735 | D:4      | Noticed Eustachio
  2748 | D:4      | Killed Eustachio
  2748 | D:4      | Reached skill level 4 in Short Blades
  2748 | D:4      | Gained mutation: You are partially covered in rugged brown scales. (AC +1, +3% HP) [demonic ancestry]
  2748 | D:4      | Reached XP level 6. HP: 36/50 MP: 6/6
  3232 | D:4      | Found a shattered altar of Ashenzari.
  3277 | D:4      | Reached skill level 5 in Fighting
  3319 | D:4      | Found a glowing golden altar of the Shining One.
  3337 | D:4      | Reached skill level 5 in Short Blades
  3337 | D:4      | Gained mutation: You have very sharp fingernails. [demonic ancestry]
  3337 | D:4      | Reached XP level 7. HP: 46/57 MP: 7/7
  3392 | D:4      | Found a deep blue altar of Sif Muna.
  3395 | D:4      | Found an opulent altar of Gozag.
  3585 | D:4      | Found a radiant altar of Vehumet.
  3635 | D:4      | Found a white marble altar of Elyvilon.
  3764 | D:5      | Entered Level 5 of the Dungeon
  3787 | D:5      | Reached skill level 1 in Invocations
  3806 | D:5      | Reached skill level 6 in Short Blades
  3931 | D:5      | Reached skill level 1 in Armour
  3994 | D:5      | Reached XP level 8. HP: 50/64 MP: 9/9
  4357 | D:5      | Found a runed door.
  4799 | D:5      | Noticed Crazy Yiuf
  4810 | D:5      | Killed Crazy Yiuf
  4919 | D:6      | Reached skill level 7 in Short Blades
  5842 | D:6      | Reached skill level 8 in Short Blades
  5842 | D:6      | Reached skill level 5 in Invocations
  5842 | D:6      | Gained mutation: You are mostly covered in rugged brown scales. (AC +2, +5% HP) [demonic ancestry]
  5842 | D:6      | Reached XP level 9. HP: 59/71 MP: 12/12
  5896 | D:6      | Found a staircase to the Ecumenical Temple.
  6781 | D:7      | Noticed Prince Ribbit
  6793 | D:7      | Killed Prince Ribbit
  7006 | D:8      | Reached skill level 9 in Short Blades
  7396 | D:8      | Reached skill level 5 in Armour
  7435 | D:8      | Noticed a three-headed hydra
  7442 | D:8      | Slain by a three-headed hydra

Skill      XL: |  1  2  3  4  5  6  7  8  9 |
---------------+----------------------------+-----
Long Blades    | 3 |  3.3
Short Blades   | 1 2 4 5 6 8 9 |  9.6
Fighting       | 4 5 |  5.5
Invocations    | 2 5 7 |  7.3
Armour         | 1 3 5 |  5.1
Dodging        | |  2.6
Stealth        | |  1.7

Action                   |  1- 3 |  4- 6 |  7- 9 || total
-------------------------+-------+-------+-------++-------
Melee: Falchion          |    22 |       |       ||    22
       Dagger            |    87 |   213 |   498 ||   798
 Fire: Shortbow          |       |       |    48 ||    48
Throw: Stone             |       |     4 |     3 ||     7
Invok: Line Pass         |       |     1 |     2 ||     3
  Use: Scroll            |       |    14 |     4 ||    18
       Potion            |       |       |     1 ||     1
 Stab: Sleeping          |     2 |       |       ||     2
       Paralysed         |     1 |     2 |    10 ||    13
       Distracted        |       |       |     3 ||     3
       Confused          |       |       |     1 ||     1
  Eat: Chunk             |     1 |     7 |    14 ||    22
Armor: Leather armour    |     5 |       |       ||     5
       Robe              |     1 |       |       ||     1
       Ring mail         |    23 |    13 |       ||    36
       Scale mail        |       |    93 |   193 ||   286
Dodge: Dodged            |    51 |   109 |   161 ||   321
       Rpst.: Falchion   |     3 |       |       ||     3
